 Dungeon Crawl Stone Soup version 0.21.1-1-g345015f (webtiles) character file.

367 Fang the Skirmisher (level 6, -4/40 HPs)
             Began as a Gargoyle Berserker on May 3, 2018.
             Was a Believer of Trog.
             Slain by a river rat (6 damage)
             ... in a sewer.
             The game lasted 00:07:06 (3250 turns).

Fang the Skirmisher (Gargoyle Berserker)            Turns: 3250, Time: 00:07:06

Health: -4/40      AC:  6    Str: 23    XL:     6   Next: 69%
Magic:  6/6        EV: 13    Int:  7    God:    Trog [**....]
Gold:   156        SH:  0    Dex:  9    Spells: 5/5 levels left

rFire    . . .     SeeInvis .   k - +2 hand axe (pain)
rCold    . . .     Gourm    .   (no shield)
rNeg     + . .     Faith    .   b - +0 animal skin
rPois    ∞         Spirit   .   (no helmet)
rElec    +         Reflect  .   (no cloak)
rCorr    .         Harm     .   (no gloves)
MR       .....                  (no boots)
Stlth    +.........             (no amulet)
HPRegen  0.13/turn              (no ring)
MPRegen  0.10/turn              (no ring)

@: berserk cooldown, slowed, very slow
A: negative energy resistance 1, electricity resistance, unbreathing,
petrification resistance, rot immunity, AC +4
a: Berserk, Trog's Hand, Burn Spellbooks, Renounce Religion


You were in a sewer.
You worshipped Trog.
Trog was pleased with you.
You were near starving.

You visited 1 branch of the dungeon, and saw 4 of its levels.
You also visited: Sewer.

You collected 156 gold pieces.

Inventory:

Hand Weapons
 k - a +2 hand axe of pain (weapon)
Armour
 b - a +0 animal skin (worn)
Jewellery
 a - a +2 ring of protection {unknown}
Scrolls
 f - a scroll of remove curse
 g - a scroll of enchant armour {unknown}
 i - 6 scrolls of identify
 j - a scroll of fog
 l - a scroll of teleportation
 n - a scroll of enchant weapon {unknown}
Potions
 d - a potion of lignification
 e - 4 potions of haste
 h - 3 potions of curing
 m - a potion of heal wounds {unknown}
Comestibles
 c - 6 rations


   Skills:
 + Level 4.8 Fighting
 + Level 4.7 Axes
 + Level 2.3 Armour
 + Level 3.2 Dodging
 + Level 1.3 Stealth


You had 5 spell levels left.
You didn't know any spells.

Dungeon Overview and Level Annotations

Branches:
Dungeon (4/15)
 Temple: D:4-7

Altars:
Elyvilon
Kikubaaqudgha
Okawaru
Wu Jian


Innate Abilities, Weirdness & Mutations

You are resistant to torment.
Your stone body is resilient. (AC +4)
You are immune to poison.
You resist negative energy. (rN+)
You are resistant to electric shocks. (rElec)
You can survive without breathing.
You are immune to petrification.
You are immune to rotting.


Message History

The river rat twitches its whiskers.
You slash the rat!
You kill the rat!
Trog accepts your kill.
Things that are here:
a rat corpse x2
The river rat twitches its whiskers.
The river rat closely misses you.
You hit the river rat but do no damage. The river rat bites you.
* * * LOW HITPOINT WARNING * * *
The river rat bites you.
* * * LOW HITPOINT WARNING * * *
You hit the river rat.
The river rat is heavily wounded.
The river rat closely misses you.
You barely miss the river rat.
The river rat is heavily wounded.
The river rat bites you but does no damage.
The river rat bites you.
You die... ############### ≈......∩.∩rrr@# ###############

You could see a river rat and 2 rats.

Vanquished Creatures
  The ghost of oholoko the Charlatan, an amateur KoAr (D:3)
  2 orc wizards (D:4)
  3 worker ants (D:4)
  A howler monkey skeleton (D:4)
  3 river rats (D:4)
  2 oozes (D:2)
  3 worms
  3 dart slugs
  5 leopard geckos
  4 orcs (D:4)
  2 bats (D:2)
  4 giant cockroaches
  4 goblins
  6 hobgoblins
  3 jackals (D:2)
  6 kobolds
  A quokka (D:2)
  8 frilled lizards
  10 rats
71 creatures vanquished.

Notes
Turn   | Place    | Note
-------+----------+-------------------------------------------
     0 | D:1      | Fang the Gargoyle Berserker began the quest for the Orb.
     0 | D:1      | Reached XP level 1. HP: 14/14 MP: 1/1
   163 | D:1      | Reached XP level 2. HP: 17/19 MP: 2/2
   621 | D:2      | Reached XP level 3. HP: 22/24 MP: 3/3
  1099 | D:2      | Reached ** piety under Trog
  1478 | D:2      | Reached XP level 4. HP: 15/29 MP: 4/4
  2136 | D:3      | Found an ancient bone altar of Kikubaaqudgha.
  2186 | D:3      | Found an iron altar of Okawaru.
  2280 | D:3      | Noticed oholoko's ghost (amateur KoAr)
  2291 | D:3      | Killed oholoko's ghost
  2291 | D:3      | Reached XP level 5. HP: 34/34 MP: 5/5
  2378 | D:3      | Found a white marble altar of Elyvilon.
  2727 | D:4      | Reached skill level 1 in Stealth
  2816 | D:4      | Found an ornate altar of the Wu Jian Council.
  2934 | D:4      | Reached XP level 6. HP: 39/39 MP: 6/6
  3216 | D:4      | Found a glowing drain.
  3236 | Sewer    | Entered a sewer
  3248 | Sewer    | HP: 2/40 [river rat (5)]
  3250 | Sewer    | Slain by a river rat

Skill      XL: |  1  2  3  4  5 |
---------------+----------------+-----
Axes           | 3 4 |  4.7
Dodging        | 2 3 |  3.2
Fighting       | 4 |  4.8
Stealth        | 1 |  1.3
Armour         | |  2.3

Action                   |  1- 3 |  4- 6 || total
-------------------------+-------+-------++-------
Melee: Hand axe          |   116 |   121 ||   237
       Whip              |    37 |    48 ||    85
Invok: Berserk           |     1 |     3 ||     4
  Use: Scroll            |     4 |     3 ||     7
       Potion            |       |     2 ||     2
  Eat: Chunk             |     1 |     9 ||    10
Armor: Animal skin       |    71 |    41 ||   112
       Skin              |       |    27 ||    27
Dodge: Dodged            |   137 |   110 ||   247
